 Dungeon Crawl Stone Soup version 0.29.1-15-g9cfb28693d (webtiles) character file.

Game seed: 16155538785085249510

2719 BuddhaDhamma the Severer (level 9, -16/70 HPs)
             Began as a Minotaur Berserker on Mar 16, 2023.
             Was an Elder of Trog.
             Demolished by Blork the orc
             ... wielding a +7 battleaxe of distortion
              (21 damage)
             ... on level 6 of the Dungeon.
             The game lasted 00:12:02 (6539 turns).

BuddhaDhamma the Severer (Minotaur Berserker)       Turns: 6539, Time: 00:12:02

Health: -16/70     AC:  8    Str: 25    XL:     9   Next: 39%
Magic:  8/8        EV:  8    Int:  4    God:    Trog [****..]
Gold:   338        SH:  0    Dex: 11    Spells: 8/8 levels left

rFire   . . .      SeeInvis .   p - +0 war axe
rCold   . . .      Faith    .   (no shield)
rNeg    . . .      Spirit   .   o - +0 plate armour
rPois   +          Reflect  .   (helmet restricted)
rElec   .          Harm     .   b - +1 cloak
rCorr   .          Rampage  .   (no gloves)
Will    .....                   (no boots)
Stlth   ..........              (no amulet)
HPRegen 0.21/turn               t - ring of poison resistance
MPRegen 0.11/turn               (no ring)

@: mighty, on berserk cooldown, slowed, very slow
A: horns 2, retaliatory headbutt, deformed body, sturdy frame 1
a: Renounce Religion, Berserk, Trog's Hand, Brothers in Arms


You were on level 6 of the Dungeon.
You worshipped Trog.
Trog was greatly pleased with you.
You visited 1 branch of the dungeon, and saw 6 of its levels.
You visited the Abyss 1 time.
You also visited: Sewer.

You collected 338 gold pieces.

Inventory:

Hand Weapons
 p - a +0 war axe (weapon)
Missiles
 e - 5 silver javelins (quivered)
Armour
 b - a +1 cloak (worn)
 o - a +0 plate armour (worn)
Jewellery
 i - an amulet of magic regeneration
 t - a ring of poison resistance (left hand)
Wands
 a - a wand of digging (6)
 q - a wand of polymorph (13)
 s - a wand of iceblast (20)
Scrolls
 g - 2 scrolls of blinking
 n - a scroll of teleportation
Potions
 c - a potion of berserk rage
 d - a potion of curing
 k - a potion of might
 l - 2 potions of flight
 r - 2 potions of brilliance


   Skills:
 - Level 3.6 Fighting
 + Level 15.5 Axes
 - Level 2.4 Armour
 - Level 2.1 Dodging


You had 8 spell levels left.
You didn't know any spells.
Your spell library was empty.

Dungeon Overview and Level Annotations

Branches:
Dungeon (6/15)              Sewer (visited)
 Temple: D:4-7

Altars:
Elyvilon
Fedhas
Qazlal
Vehumet
The Shining One

Shops:
D:4 [

Annotations:
D:6 Blork the orc


Innate Abilities, Weirdness & Mutations

You have a pair of horns on your head.
You reflexively headbutt those who attack you in melee.
Armour fits poorly on your strangely shaped body.
Your movements are slightly less encumbered by armour. (ER -2)


Message History

Level annotation: Blork the orc You are no longer berserk.
You are exhausted.
You feel yourself slow down.
You fail to use your ability.
Blork the orc screams, "I'll drink your blood!
Soon!"
Blork the orc hits you with a +7 battleaxe of distortion!
* * * LOW HITPOINT WARNING * * *
Blork the orc hits you with a +7 battleaxe of distortion!
* * * LOW HITPOINT WARNING * * *
Space warps around you.
* * * LOW HITPOINT WARNING * * *
You feel much better.
Blork the orc hits you with a +7 battleaxe of distortion!
You blink.
You feel better.
You feel better.
Blork the orc casts a spell.
Blork the orc seems to speed up.
You feel better.
Blork the orc points at you and mumbles some strange words.
The magic dart hits you!
You fail to use your ability.
Blork the orc hits you with a +7 battleaxe of distortion!
Space warps horribly around you!
* * * LOW HITPOINT WARNING * * *
Blork the orc barely misses you.
You feel better. Blork the orc barely misses you. You furiously retaliate!
You headbutt Blork the orc.
Blork the orc hits you with a +7 battleaxe of distortion!
* * * LOW HITPOINT WARNING * * *
Space warps horribly around you.
* * * LOW HITPOINT WARNING * * *
You feel very mighty all of a sudden. Blork the orc barely misses you.
You furiously retaliate!
You headbutt Blork the orc!
Blork the orc hits you with a +7 battleaxe of distortion.
* * * LOW HITPOINT WARNING * * *
Space warps horribly around you!!
You die...

#...# #...#
#...#
#...########
............
.###########
#### .# .... ..#
.#. #..#
#######.# .#.
#..# #.....#@#
.#. #..#
#.....o.# .#.
#..# #####.###
.#>##..# #.#
.#..#..# #.#
.##.#..# #.#
.......#######.#
##.............#
#............<#


You could see Blork the orc (fast).

Vanquished Creatures
  A tentacled starspawn (Abyss:1)
  The ghost of fleeber the Shooter, an amateur BaHu (D:3)
  A water moccasin (D:4)
  Duvessa (D:6)
  An orc warrior (D:6)
  2 bullfrogs (Sewer)
  A necrophage (D:5)
  2 gnoll sergeants
  2 scorpions
  Dowan (D:6)
  A bullfrog zombie (D:3)
  A centaur zombie (D:3)
  4 jellies
  A gnoll bouda (D:6)
  A centaur skeleton (D:3)
  An iguana (D:4)
  5 orc wizards
  11 gnolls
  8 adders
  A shadow imp (D:5)
  An ufetubus (D:6)
  2 worms
  3 dart slugs
  13 orcs
  13 ball pythons
  20 endoplasms
  12 giant cockroaches
  5 goblins
  6 hobgoblins
  8 jackals
  14 quokkas
  2 bats
  14 frilled lizards
  4 kobolds
  3 rats (D:1)
167 creatures vanquished.

Vanquished Creatures (others)
  2 starspawn tentacles (Abyss:1)
2 creatures vanquished.

Grand Total: 169 creatures vanquished

Notes
Turn   | Place    | Note
-------+----------+-------------------------------------------
     0 | D:1      | BuddhaDhamma the Minotaur Berserker began the quest for the
                  | Orb.
     0 | D:1      | Reached XP level 1. HP: 19/19 MP: 0/0
   252 | D:1      | Reached skill level 4 in Axes
   321 | D:1      | Reached XP level 2. HP: 23/26 MP: 1/1
   739 | D:1      | Reached skill level 5 in Axes
   751 | D:1      | Reached XP level 3. HP: 30/31 MP: 2/2
   941 | D:1      | Reached ** piety under Trog
  1148 | D:2      | Reached skill level 6 in Axes
  1148 | D:2      | Reached XP level 4. HP: 27/39 MP: 3/3
  1892 | D:2      | Found a faded altar of an unknown god.
  2778 | D:3      | You fall into a shaft and drop 2 floors!
  2778 | D:5      | Entered Level 5 of the Dungeon
  2799 | D:5      | Reached skill level 7 in Axes
  2799 | D:5      | Reached XP level 5. HP: 45/45 MP: 4/4
  3030 | D:3      | Found a glowing drain.
  3044 | Sewer    | Entered a sewer
  3061 | Sewer    | Reached *** piety under Trog
  3117 | Sewer    | Reached skill level 8 in Axes
  3326 | Sewer    | Reached XP level 6. HP: 51/51 MP: 5/5
  3439 | Sewer    | Reached skill level 9 in Axes
  3737 | D:3      | Found a runed translucent gate.
  3737 | D:3      | Found a runed translucent gate.
  3738 | D:3      | Found a runed translucent gate.
  3743 | D:3      | Noticed fleeber's ghost (amateur BaHu)
  3923 | D:3      | Killed fleeber's ghost
  3923 | D:3      | Reached **** piety under Trog
  3924 | D:3      | Reached skill level 10 in Axes
  3924 | D:3      | Reached XP level 7. HP: 57/57 MP: 6/6
  4161 | D:4      | Found a white marble altar of Elyvilon.
  4284 | D:4      | Found a blossoming altar of Fedhas.
  4494 | D:4      | Found Fewimeaxt's Antique Armour Shoppe.
  4752 | D:5      | Reached skill level 11 in Axes
  5002 | D:5      | Found a stormy altar of Qazlal.
  5245 | D:5      | Reached XP level 8. HP: 60/64 MP: 7/7
  5288 | D:5      | Found a glowing golden altar of the Shining One.
  5543 | D:6      | Reached skill level 12 in Axes
  5811 | D:6      | Noticed Duvessa
  5817 | D:6      | Noticed Dowan
  5823 | D:6      | Killed Duvessa
  5828 | D:6      | Killed Dowan
  6009 | D:6      | Found a radiant altar of Vehumet.
  6052 | D:6      | Reached skill level 13 in Axes
  6305 | D:6      | Noticed Blork the orc
  6315 | Abyss:1  | Cast into level 1 of the Abyss (Blork the orc)
  6388 | Abyss:1  | Noticed a starcursed mass
  6401 | Abyss:1  | HP: 3/64 [starcursed mass/accursed screaming (8)]
  6403 | Abyss:1  | Gained mutation: Armour fits poorly on your strangely
                  | shaped body. [potion of mutation]
  6403 | Abyss:1  | Gained mutation: Your movements are slightly less
                  | encumbered by armour. (ER -2) [potion of mutation]
  6428 | Abyss:1  | Found a corrupted altar of Lugonu.
  6428 | Abyss:1  | Found a corrupted altar of Lugonu.
  6509 | Abyss:1  | Noticed a tentacled starspawn
  6528 | Abyss:1  | Killed a tentacled starspawn
  6529 | Abyss:1  | Reached skill level 15 in Axes
  6529 | Abyss:1  | Reached XP level 9. HP: 42/70 MP: 8/8
  6531 | D:6      | Escaped the Abyss
  6539 | D:6      | Demolished by Blork the orc

Illustrated notes

Levels and vault maps discovered:
D:1:      minmay_arrival_diagonal_passages, layout_loops_ring
D:2:      layout_basic, ebering_ecumenical_altar_hall
D:3:      layout_loops_ring, portal_sewer_entry_e, gammafunk_ghost_necromancy,
          corexii_leaking_fountain, minmay_between
D:4:      layout_cave_pools, mainiacjoe_overflow_chevrons, serial_shops, shop,
          minmay_ruined_shrine
D:5:      layout_rooms, mainiacjoe_overflow_brackets, lemuel_round_altar
D:6:      layout_basic, nicolae_vehumet_altar_sigil, lemuel_tele_altar,
          minmay_temple_entry_enclosed_plants, nicolae_shop_vocational,
          uniq_duvessa, uniq_blork_the_orc, uniq_menkaure

Skill      XL: |  1  2  3  4  5  6  7  8 |
---------------+-------------------------+-----
Axes           | 4 5 6 7 8 10 11 15 | 15.5
Fighting       | |  3.6
Armour         | |  2.4
Dodging        | |  2.1

Action                   |  1- 3 |  4- 6 |  7- 9 || total
-------------------------+-------+-------+-------++-------
Melee: Hand axe          |    80 |   205 |    33 ||   318
       Headbutt          |    13 |    24 |    35 ||    72
       Punch             |       |     2 |     1 ||     3
       War axe           |       |       |   128 ||   128
Invok: Berserk           |       |     2 |     6 ||     8
  Use: Scroll            |       |       |    18 ||    18
       Potion            |       |       |     9 ||     9
Armor: Animal skin       |     1 |       |       ||     1
       Leather armour    |    28 |     3 |       ||    31
       Plate armour      |       |   124 |    76 ||   200
Dodge: Dodged            |    39 |    53 |    64 ||   156
